Map: Eternal Empire LE

Players

Cyanine - Winner!

  • Race: Terran Terran
  • League: Grandmaster
  • Spawn Location: 7:00

A.I. 1 (Very Easy)

  • Race: Protoss Protoss
  • Spawn Location: 1:00

VOD

Have the link to the VOD?

Description

Time

  • Played on: March 6, 2020, 12:40 p.m.
  • Length: 12:00
Show
View Real Time Build Order
Export as new Build Order

Cyanine Terran - Winner!

Build Orders: Reaper Expand 

Get SALT Encoding   

  12  0:00  SCV  
  13  0:12  SCV  
  14  0:17  Supply Depot  
  14  0:24  SCV  
  15  0:38  SCV  
  15  0:40  Barracks  
  16  0:43  Refinery  
  16  0:50  SCV  
  17  1:03  SCV  
  18  1:15  SCV  
  19  1:27  Reaper, Orbital Command  
  20  1:39  Command Center  
  20  1:48  Supply Depot  
  20  1:53  SCV  
  21  1:59  Barracks Reactor  
  21  2:05  SCV  
  22  2:17  Command Center  
  22  2:20  SCV  
  23  2:32  SCV  
  23  2:36  Marine x2  
  26  2:39  Factory  
  26  2:44  SCV  
  26  2:47  Refinery  
  27  2:53  Orbital Command  
  27  2:54  Marine  
  27  2:56  SCV  
  27  2:58  Marine  
  30  3:09  SCV  
  30  3:12  Marine  
  31  3:15  Marine  
  31  3:19  SCV  
  34  3:21  SCV  
  34  3:23  Starport  
  34  3:24  Widow Mine  
  37  3:30  Marine  
  37  3:33  Marine  
  39  3:34  Orbital Command  
  39  3:37  SCV x2  
  41  3:46  Widow Mine  
  43  3:49  SCV  
  43  3:50  SCV  
  43  3:52  Marine x2  
  47  4:02  SCV x2  
  49  4:03  Medivac  
  49  4:07  Barracks  
  49  4:08  Barracks  
  53  4:10  Widow Mine  
  53  4:13  SCV  
  53  4:14  SCV x2  
  56  4:18  Engineering Bay  
  56  4:20  Engineering Bay  
  56  4:25  SCV, Refinery  
  56  4:27  Refinery  
  56  4:29  Supply Depot  
  56  4:30  SCV  
  58  4:34  Starport Tech Lab, Factory Tech Lab  
  58  4:37  SCV x2  
  60  4:43  SCV  
  61  4:47  Orbital Command  
  61  4:50  SCV, Marine x2  
  61  4:51  Supply Depot  
  64  4:55  SCV  
  65  5:01  Terran Infantry Weapons Level 1, Terran Infantry Armor Level 1  
  65  5:02  Combat Shield, Stimpack  
  65  5:03  SCV  
  65  5:04  Marine x2  
  68  5:07  Factory Reactor  
  68  5:08  Starport Reactor  
  68  5:09  Marine  
  68  5:13  SCV x2, Marine  
  72  5:15  SCV  
  73  5:22  Supply Depot  
  73  5:25  SCV x2  
  73  5:28  Marauder  
  77  5:33  SCV, Marauder  
  77  5:35  Supply Depot  
  80  5:37  SCV  
  80  5:40  Barracks x2  
  80  5:42  Marine x2  
  81  5:44  SCV  
  81  5:45  SCV, Supply Depot  
  81  5:48  Widow Mine  
  81  5:49  Widow Mine  
  89  5:52  Medivac  
  89  5:54  Medivac  
  89  5:57  SCV x2  
  95  5:58  SCV  
  95  6:00  Marauder  
  95  6:03  Marauder, Marine  
  101  6:07  Supply Depot, Marine  
  101  6:09  Supply Depot  
  102  6:12  SCV  
  102  6:13  SCV  
  102  6:14  SCV  
  102  6:16  Armory  
  105  6:21  Concussive Shells  
  105  6:22  Widow Mine  
  105  6:23  Widow Mine  
  109  6:28  Barracks Reactor, Barracks Tech Lab  
  109  6:29  SCV, Marauder, Marine x2  
  109  6:30  Marauder  
  116  6:33  Supply Depot  
  116  6:35  SCV x2, Supply Depot  
  116  6:39  Refinery x2  
  118  6:41  SCV  
  118  6:43  Widow Mine  
  118  6:45  Widow Mine  
  125  6:47  Marauder  
  125  6:54  SCV x3  
  125  6:55  Medivac  
  125  6:56  Supply Depot  
  125  6:57  Medivac  
  125  7:00  Supply Depot  
  132  7:03  Marauder x2  
  132  7:06  SCV x3, Terran Infantry Weapons Level 2  
  139  7:12  Terran Infantry Armor Level 2  
  139  7:18  SCV x2  
  139  7:20  Supply Depot  
  139  7:22  Supply Depot, Widow Mine x2  
  145  7:25  Medivac  
  145  7:26  SCV  
  145  7:27  Marine x2  
  145  7:28  Marauder, Marine x2  
  145  7:29  Marauder  
  156  7:30  SCV  
  157  7:42  Supply Depot, Marauder  
  157  7:43  Widow Mine x2  
  163  7:45  Medivac, Supply Depot  
  163  7:47  Command Center  
  163  7:48  Terran Ship Weapons Level 1  
  163  7:51  Marine x4  
  166  7:52  Marauder  
  166  7:56  Starport  
  166  7:58  Fusion Core  
  171  8:05  Widow Mine x2  
  175  8:06  Marauder x2  
  175  8:08  Marine  
  175  8:09  Marine x2  
  175  8:10  Marine  
  183  8:13  Supply Depot  
  183  8:14  Supply Depot, Marauder  
  183  8:18  Medivac x2  
  189  8:34  Supply Depot  
  189  8:35  Widow Mine x2  
  189  8:36  Ghost Academy  
  189  8:39  Starport Reactor  
  193  8:48  Liberator x2  
  199  8:55  Marine  
  199  9:00  Planetary Fortress  
  200  9:03  Refinery  
  200  9:05  Refinery  
  200  9:17  Enhanced Shockwaves, Barracks  
  200  9:18  Advanced Ballistics, Barracks x2  
  200  9:27  Command Center  
  200  10:10  Barracks Tech Lab x2  
  200  10:11  Barracks Reactor  
  200  10:17  Starport  
  198  10:33  Marauder, Marine  
  200  10:42  Marine  
  199  11:03  Marine  
  200  11:18  Planetary Fortress  
  200  11:33  Command Center  
  200  11:35  Command Center  
  200  11:41  Starport Reactor  
Show
View Real Time Build Order
Export as new Build Order

A.I. 1 (Very Easy) Protoss 

Build Orders: 1 Gate Expand, Nexus First 

Get SALT Encoding   

  12  0:00  Probe  
  13  0:13  Probe  
  14  0:19  Pylon  
  14  0:43  Gateway  
  14  1:02  Nexus  
  14  1:20  Pylon  
  14  1:22  Zealot  
  14  1:23  Assimilator  
  16  1:36  Cybernetics Core  
  16  1:38  Probe  
  17  1:50  Probe  
  18  2:00  Probe, Assimilator  
  18  2:07  Stalker  
  18  2:08  Probe  
  22  2:17  Probe  
  22  2:22  Probe  
  23  2:26  Warp Gate  
  24  2:31  Probe  
  25  2:38  Probe  
  26  2:49  Probe  
  26  2:51  Assimilator  
  27  2:54  Pylon  
  27  2:56  Probe  
  28  3:02  Probe  
  29  3:11  Probe  
  30  3:14  Probe  
  30  3:15  Robotics Facility  
  31  3:26  Probe, Zealot  
  34  3:29  Probe  
  35  3:40  Probe  
  36  3:47  Probe  
  37  3:54  Probe  
  38  4:00  Observer  
  38  4:02  Probe  
  39  4:09  Probe  
  41  4:14  Observer  
  41  4:16  Probe  
  42  4:20  Assimilator  
  42  4:23  Probe  
  44  4:30  Probe  
  45  4:34  Pylon  
  45  4:37  Probe, Sentry  
  48  4:44  Probe  
  49  4:52  Probe  
  50  10:27  Zealot  
  50  10:30  Observer  
  44  10:37  Probe  
  44  10:38  Robotics Bay  
  44  10:40  Pylon  
  36  10:46  Probe  
Tags
 
Add a new tag
Caveats
  • Supply blocks, unpowered buildings, or Contaminate may cause inaccurate times.
  • Supply counts are checked every 10 seconds.